 Dungeon Crawl Stone Soup version 0.30.1-4-g462c640d31 (webtiles) character file.

Game seed: 16799484426277619828

2957 diecastcamel the Carver (level 9, -4/81 HPs)
             Began as a Purple Draconian Berserker on Sept 12, 2023.
             Was a Priest of Trog.
             Slain by a killer bee (6 damage)
             ... on level 7 of the Dungeon.
             The game lasted 00:42:57 (7244 turns).

diecastcamel the Carver (DrBe)                      Turns: 7244, Time: 00:42:58

Health: -4/81      AC:  9    Str: 21    XL:     9   Next: 52%
Magic:  9/9        EV: 12    Int:  7    God:    Trog [***...]
Gold:   355        SH:  5    Dex: 14    Spells: 8/8 levels left

rFire   . . .        a - +0 falchion
rCold   . . .        E - +0 buckler
rNeg    . . .        (body armour unavailable)
rPois   .            (helmet restricted)
rElec   .            d - +0 cloak
rCorr   .            e - +0 pair of gloves
SInv    .            (no boots)
Will    +++..        (no amulet)
Stlth   +            (no ring)
HPRegen 1.33/turn    (no ring)
MPRegen 0.11/turn

%: no passive effects
@: lethally poisoned (-4 -> -5), strong-willed, on berserk cooldown,
regenerating
A: breathe power, AC +7, unfitting armour, cold-blooded
a: Breathe Dispelling Energy, Renounce Religion, Berserk, Trog's Hand


You were on level 7 of the Dungeon.
You worshipped Trog.
Trog was most pleased with you.
You visited 1 branch of the dungeon, and saw 7 of its levels.

You collected 355 gold pieces.

Inventory:

Hand Weapons
 a - a +0 falchion (weapon)
 x - a +1 trident of flaming
 C - a +2 great sword of freezing
 G - a +4 whip
Missiles
 b - 17 boomerangs (quivered)
 h - 49 stones
 s - 15 poisoned darts
Armour
 d - a +0 cloak (worn)
 e - a +0 pair of gloves (worn)
 p - a +0 tower shield
 E - a +0 buckler (worn)
Wands
 w - a wand of light (3)
 z - a wand of roots (11)
 A - a wand of paralysis (6)
Scrolls
 f - a scroll of summoning {unknown}
 i - a scroll of enchant weapon
 j - a scroll of identify
 r - a scroll of teleportation {unknown}
 u - 2 scrolls of magic mapping
 v - a scroll of enchant armour
 y - 2 scrolls of noise
 B - a scroll of immolation {unknown}
 H - a scroll of silence {unknown}
 J - a scroll of vulnerability {unknown}
Potions
 c - a potion of curing
 g - a potion of berserk rage {unknown}
 k - 2 potions of haste {unknown}
 l - 2 potions of heal wounds {unknown}
 m - 3 potions of attraction
 n - 3 potions of magic {unknown}
 q - a potion of resistance {unknown}
 t - a potion of mutation {unknown}
 D - 2 potions of flight {unknown}
 I - a potion of cancellation {unknown}


   Skills:
 + Level 8.0 Fighting
 * Level 9.2 Long Blades
 + Level 5.7 Throwing
 - Level 3.1 Dodging
 + Level 3.2 Shields


You had 8 spell levels left.
You didn't know any spells.
Your spell library was empty.

Dungeon Overview and Level Annotations

Branches:
Dungeon (7/15)             Temple (0/1) D:7

Altars:
Elyvilon
Fedhas
Gozag
Hepliaklqana
Kikubaaqudgha
Uskayaw

Shops:
D:6 :


Innate Abilities, Weirdness & Mutations

You can breathe bolts of dispelling energy.
Your rich purple scales are hard. (AC +7)
You cannot fit into any form of body armour.
You are cold-blooded and may be slowed by cold attacks.


Message History

The water moccasin bites you.
* * * LOW HITPOINT WARNING * * *
You are poisoned.
The water moccasin poisons you!
Unknown command.
You feel better.
The killer bee stings you but does no damage.
The water moccasin bites you but does no damage.
The killer bee stings you.
* * * LOW HITPOINT WARNING * * *
The killer bee buzzes angrily.
The killer bee misses you. The killer bee stings you.
* * * LOW HITPOINT WARNING * * *
You are poisoned.
The killer bee poisons you!
You feel sick. The killer bee stings you.
* * * LOW HITPOINT WARNING * * *
You are more poisoned.
The killer bee poisons you! The water moccasin barely misses you.
There is an open door here.
Unknown command.
Found a stone staircase leading down.
You feel very sick.
You feel better. The killer bee stings you!
* * * LOW HITPOINT WARNING * * *
You are poisoned.
The killer bee poisons you! The killer bee stings you!
* * * LOW HITPOINT WARNING * * *
You are more poisoned.
The killer bee poisons you! The killer bee closely misses you.
* * * LOW HITPOINT WARNING * * *
You feel very sick. The killer bee barely misses you.
The killer bee closely misses you.
The killer bee stings you but does no damage.
The killer bee attacks as you move away!
The killer bee stings you.
* * * LOW HITPOINT WARNING * * *
x2 You feel very sick.
The killer bee barely misses you. The killer bee stings you.
You die...

####.....[...#.....# #......##
...#.........'.....# #......#
...'..)).....#.....# ##.....#
..##..)###...##...## #......##
..##..÷###...##....#####.......#
####...)#..........#...##......#
#....<#.......⌠..#.......†...#
#.....#..........#........†..#
#.....#.....⌠.@yS'........)..y.
##...##....#...y.#...........#.
##...##....#..⌠..............#.
#................#...##+######
#...........'...##...#
#...........#...#.....#
##...##....##...##....#
######....#######....# #.....#
.>#


You could see a water moccasin and 2 killer bees.

Vanquished Creatures
  Sigmund (D:4)
  A shadow (D:6)
  A steam dragon (D:5)
  Duvessa (D:5)
  An orc warrior (D:7)
  An ice beast (D:6)
  A sky beast (D:6)
  An ogre (D:5)
  2 centaurs
  3 phantoms
  A kobold brigand (D:6)
  A bullfrog (D:7)
  4 necrophages (D:5)
  A gnoll sergeant (D:6)
  A scorpion (D:6)
  2 water moccasin zombies (D:5)
  Dowan (D:5)
  A wight (D:5)
  3 killer bees (D:7)
  A centaur zombie (D:5)
  3 hounds
  A human zombie (D:5)
  2 orc priests
  A gnoll bouda (D:5)
  A sleepcap (D:4)
  Natasha (thrice) (D:4)
  Terence (D:2)
  3 iguanas
  3 orc wizards
  3 mummies (D:5)
  12 gnolls
  6 adders
  A white imp (D:6)
  An ufetubus (D:6)
  A dart slug (D:3)
  21 orcs
  2 endoplasms (D:2)
  7 goblins
  7 hobgoblins
  2 jackals (D:2)
  11 kobolds
  3 quokkas
  10 ball pythons
  3 bats
  2 frilled lizards (D:2)
  3 rats
142 creatures vanquished.

Notes
Turn   | Place    | Note
-------+----------+-------------------------------------------
     0 | D:1      | diecastcamel the Draconian Berserker began the quest for
                  | the Orb.
     0 | D:1      | Reached XP level 1. HP: 19/19 MP: 1/1
   515 | D:1      | Reached XP level 2. HP: 25/26 MP: 2/2
   926 | D:2      | Reached skill level 4 in Long Blades
   972 | D:2      | Noticed Terence
   992 | D:2      | Killed Terence
   993 | D:2      | Reached XP level 3. HP: 31/31 MP: 3/3
  1187 | D:2      | Reached ** piety under Trog
  1722 | D:3      | Found a faded altar of an unknown god.
  1755 | D:3      | Reached XP level 4. HP: 38/38 MP: 4/4
  1828 | D:3      | Reached skill level 5 in Long Blades
  2218 | D:3      | Found an opulent altar of Gozag.
  2225 | D:3      | Found a hazy altar of Hepliaklqana.
  2797 | D:4      | Noticed Natasha
  2958 | D:4      | Killed Natasha
  2959 | D:4      | Reached XP level 5. HP: 45/45 MP: 5/5
  2980 | D:4      | Noticed Sigmund
  2984 | D:4      | Killed Sigmund
  2985 | D:4      | Reached skill level 6 in Long Blades
  2985 | D:4      | Reached skill level 1 in Shields
  2985 | D:4      | Reached XP level 6. HP: 52/52 MP: 6/6
  3164 | D:4      | Noticed Natasha
  3173 | D:4      | Killed Natasha
  3187 | D:4      | Reached skill level 1 in Throwing
  3194 | D:4      | Noticed Natasha
  3211 | D:4      | Killed Natasha
  3654 | D:5      | Entered Level 5 of the Dungeon
  3819 | D:5      | Your scales start taking on a rich purple colour.
  3819 | D:5      | Reached XP level 7. HP: 60/60 MP: 7/7
  4120 | D:5      | Reached skill level 5 in Fighting
  4139 | D:5      | Reached skill level 7 in Long Blades
  4318 | D:5      | Found an ancient bone altar of Kikubaaqudgha.
  4345 | D:5      | Reached XP level 8. HP: 64/70 MP: 8/8
  4724 | D:5      | Noticed Duvessa
  4724 | D:5      | Noticed Dowan
  4731 | D:5      | Killed Duvessa
  4818 | D:5      | Killed Dowan
  5048 | D:5      | Reached skill level 8 in Long Blades
  5371 | D:6      | Found a blossoming altar of Fedhas.
  5469 | D:6      | Found a faded altar of an unknown god.
  5469 | D:6      | Found the Hermit's Pendant {Faith Invo=14 Evo=0 MP+5}
  5508 | D:6      | Reached skill level 5 in Throwing
  5607 | D:6      | Reached XP level 9. HP: 69/79 MP: 9/9
  5691 | D:6      | Noticed a walking divine tome
  5692 | D:6      | Found Tilerin's Book Emporium.
  5693 | D:6      | Noticed a walking frostbound tome
  5734 | D:6      | Reached *** piety under Trog
  5927 | D:6      | Found a white marble altar of Elyvilon.
  6314 | D:6      | Noticed a +0 spear
  6314 | D:6      | Noticed a +0 dagger
  6315 | D:6      | Noticed a +0 falchion
  6316 | D:6      | Noticed a +0 falchion
  6316 | D:6      | Noticed a +0 short sword
  6317 | D:6      | Noticed a +0 dagger
  6317 | D:6      | Noticed a +0 short sword
  6317 | D:6      | Noticed a +0 spear
  6478 | D:6      | Found a hide-covered altar of Uskayaw.
  6857 | D:7      | Found a staircase to the Ecumenical Temple.
  6915 | D:7      | Reached skill level 9 in Long Blades
  7212 | D:7      | HP: 2/81 [poisoned by a killer bee]
  7244 | D:7      | HP: 4/81 [killer bee (1)]
  7244 | D:7      | Slain by a killer bee

Illustrated notes

Levels and vault maps discovered:
D:1:      psy_arrival_conway, layout_loops_ring
D:2:      layout_loops_cross, uniq_terence
D:3:      layout_loops_corners, amethyst_overflow_temple_binary,
          hellmonk_ecumenical_altar_heavens_door, kennysheep_flooded_box
D:4:      layout_rooms, uniq_sigmund, uniq_natasha
D:5:      layout_loops_cross, lemuel_mausoleum_altar_kikubaaqudgha,
          roderic_lattice_a, uniq_duvessa
D:6:      layout_basic, nicolae_uskayaw_en_pointe,
          fedhas_bush_and_centaur_altar, elyvilon_altar_1, serial_shops,
          nicolae_shop_mannequins, hellmonk_guarded_unrand_hermit
D:7:      layout_gridville, temple_fountains

Skill      XL: |  1  2  3  4  5  6  7  8  9 |
---------------+----------------------------+-----
Long Blades    | 4 5 6 7 8 9 |  9.2
Dodging        | 3 |  3.1
Shields        | 1 3 |  3.2
Fighting       | 4 5 7 8 |  8.0
Throwing       | 1 3 5 |  5.7

Action                     |  1- 3 |  4- 6 |  7- 9 || total
---------------------------+-------+-------+-------++-------
  Melee: Falchion          |    90 |   126 |   433 ||   649
         Tailslap          |     7 |    18 |    76 ||   101
         Punch             |       |       |    10 ||    10
  Throw: Boomerang         |    16 |    25 |    38 ||    79
         Dart              |       |     7 |    10 ||    17
 Invoke: Berserk           |     1 |       |     8 ||     9
         Trog's Hand       |       |     3 |     1 ||     4
  Evoke: Wand              |       |     5 |     4 ||     9
    Use: Scroll            |     2 |     5 |     5 ||    12
         Potion            |       |       |     7 ||     7
   Stab: Paralysed         |       |       |     2 ||     2
         Sleeping          |       |       |     1 ||     1
 Armour: Skin              |    29 |    37 |   151 ||   217
  Dodge: Dodged            |    51 |    85 |   240 ||   376
  Block: Buckler           |       |       |    50 ||    50
